 Dungeon Crawl Stone Soup version 0.30.1-3-gfc49f6343a (webtiles) character file.

Game seed: 6069718189597255470

8 FishyPogo the Ducker (level 2, 0/29 HPs)
             Began as a Gnoll Monk on July 31, 2023.
             Succumbed to a kobold's poison
             ... on level 1 of the Dungeon.
             The game lasted 00:00:51 (209 turns).

FishyPogo the Ducker (Gnoll Monk)                    Turns: 209, Time: 00:00:52

Health: 0/29       AC:  2    Str: 10    XL:     2   Next: 8%
Magic:  2/2        EV: 14    Int:  9    God:
Gold:   0          SH:  0    Dex: 14    Spells: 1/1 levels left

rFire   . . .        a - +0 hand axe
rCold   . . .        d - orb {light}
rNeg    . . .        b - +0 robe
rPois   .            (no helmet)
rElec   .            (no cloak)
rCorr   .            (no gloves)
SInv    .            (no boots)
Will    .....        (no amulet)
Stlth   +            (no ring)
HPRegen 0.24/turn    (no ring)
MPRegen 0.08/turn

%: no passive effects
@: confused, lethally poisoned (0 -> -28), ambrosia-drunk, glowing
A: fangs 1, strong nose, distributed training
a: no special abilities


You were on level 1 of the Dungeon.
You visited 1 branch of the dungeon, and saw 1 of its levels.

Inventory:

Hand Weapons
 a - a +0 hand axe (weapon)
Missiles
 e - 8 stones (quivered)
Armour
 b - a +0 robe (worn)
 d - an orb of light (worn)
Magical Staves
 g - a staff of death
Scrolls
 f - a scroll of amnesia {unknown}


   Skills:
 + Level 6.4 Fighting
 + Level 0.3 Short Blades
 + Level 0.3 Long Blades
 + Level 6.4 Axes
 + Level 0.3 Maces & Flails
 + Level 0.3 Polearms
 + Level 0.3 Staves
 + Level 0.3 Ranged Weapons
 + Level 0.3 Throwing
 + Level 0.3 Armour
 + Level 6.4 Dodging
 + Level 0.3 Stealth
 + Level 0.3 Shields
 + Level 0.3 Unarmed Combat
 + Level 0.3 Spellcasting
 + Level 0.2 Conjurations
 + Level 0.2 Hexes
 + Level 0.2 Summonings
 + Level 0.2 Necromancy
 + Level 0.2 Translocations
 + Level 0.2 Transmutations
 + Level 0.2 Fire Magic
 + Level 0.2 Ice Magic
 + Level 0.2 Air Magic
 + Level 0.2 Earth Magic
 + Level 0.2 Poison Magic
 + Level 0.4 Invocations
 + Level 0.3 Evocations


You had one spell level left.
You didn't know any spells.
Your spell library was empty.

Dungeon Overview and Level Annotations

Branches:
Dungeon (1/15)

Altars:


Innate Abilities, Weirdness & Mutations

You have very sharp teeth.
Your uncanny sense of smell can sniff out nearby items.
Your experience applies equally to all skills.


Message History

The rat bites you.
You hit the rat.
You kill the rat!
No target in view!
No target in view!
You see here a staff of death.
g - a staff of death
Found a stone staircase leading down.
A kobold comes into view. It is wielding a +1 dagger of venom.
The kobold shouts!
You hear a shout!
Found a scroll labelled UNUSUE VE URCH.
The kobold hits you with a +1 dagger of venom.
You are poisoned.
You barely miss the kobold. You bite the kobold, but do no damage.
You feel very sick. The kobold barely misses you.
You barely miss the kobold.
You feel sick.
The kobold hits you with a +1 dagger of venom.
You are more poisoned.
You hit the kobold. You bite the kobold, but do no damage.
The kobold is severely wounded.
You feel very sick.
The kobold hits you with a +1 dagger of venom.
You are lethally poisoned!
You barely miss the kobold.
The kobold is severely wounded.
You feel very sick.
The kobold hits you with a +1 dagger of venom.
* * * LOW HITPOINT WARNING * * *
You are confused.
You feel invigorated.
* * * LOW HITPOINT WARNING * * *
You feel very sick.
The kobold hits you with a +1 dagger of venom.
* * * LOW HITPOINT WARNING * * *
You are more poisoned.
You are too confused!
Unknown command.
You're too confused to attack without stumbling around!
You die...

#.######.###
##.....#
#.##
#........#
#..#..## ..#
##########
#.##.## ###
#.##.##
#.#...
###.#.#.
#....>#.#
#.#.....#
#.@.#.###
#..#..#
#.K....#
#......#
.......#
........#
#........#
..?.......
..........##


You could see a kobold.

Vanquished Creatures
  A ball python (D:1)
  An endoplasm (D:1)
  2 goblins (D:1)
  A hobgoblin (D:1)
  A frilled lizard (D:1)
  A rat (D:1)
7 creatures vanquished.

Notes
Turn   | Place    | Note
-------+----------+-------------------------------------------
     0 | D:1      | FishyPogo the Gnoll Monk began the quest for the Orb.
     0 | D:1      | Reached XP level 1. HP: 23/23 MP: 1/1
    67 | D:1      | Reached XP level 2. HP: 24/29 MP: 2/2
   208 | D:1      | HP: 1/29 [kobold/+1 dagger of venom (3)]
   209 | D:1      | Succumbed to a kobold's poison

Illustrated notes

Levels and vault maps discovered:
D:1:      minmay_arrival_stair_chambers, layout_rooms, nrook_uturn

Action                     || total
---------------------------++-------
  Melee: Hand axe          ||    19
         Bite              ||     2
    Use: Potion            ||     1
  Dodge: Dodged            ||    11
